 Dungeon Sprint DCSS version 0.29-a0-40-g8eb35efe60 (webtiles) character file.

Game seed: 17619983673123298209

44999 mhtbhm the Fencer (level 14, 0/149 HPs)
             Began as a Human Fighter on Feb 1, 2022.
             Was an Initiate of Gozag.
             Slain by a tengu reaver (6 damage)
             ... in the Dungeon (Sprint IX: "|||||||||||||||||||||||||||||").
             The game lasted 00:14:05 (8201 turns).

mhtbhm the Fencer (Human Fighter)                   Turns: 8201, Time: 00:14:06

Health: 0/149      AC: 20    Str: 24    XL:     14   Next: 68%
Magic:  14/14      EV: 18    Int:  9    God:    Gozag
Gold:   3429       SH:  8    Dex: 16    Spells: 13/13 levels left

rFire   + . .      SeeInvis .   a - +2 scimitar (holy)
rCold   + . .      Faith    .   c - +0 buckler
rNeg    + + .      Spirit   .   b - +2 chain mail {rPois}
rPois   +          Reflect  .   n - +0 helmet
rElec   .          Harm     .   t - +1 cloak
rCorr   .          Rampage  .   v - +0 pair of fencer's gloves {Riposte Dex+3}
Will    +....      NoTele   +   l - +1 pair of boots
Stlth   ++........              j - amulet of Vitality {Regen+ HP+15}
HPRegen 1.14/turn               u - ring of Plog {rF+ rC+ rN++ Str+3}
MPRegen 0.14/turn               p - +4 ring of evasion

@: corroded
A: no striking features
a: Renounce Religion, Potion Petition, Call Merchant, Bribe Branch


You were in the Dungeon.
You worshipped Gozag.
Gozag was most pleased with you.
You visited 1 branch You collected 15064 gold pieces.
You spent 6153 gold pieces at shops.
You paid 5482 gold pieces to Gozag.

Inventory:

Hand Weapons
 a - a +2 scimitar of holy wrath (weapon)
 E - the +8 hand crossbow of the Whelk {speed, rC+ Dex+4}
   (You found it in the Dungeon)

   Attacks with this weapon are significantly faster.
   Dex:       It affects your dexterity (+4).
   rC:        It protects you from cold.
Missiles
 A - a throwing net (quivered)
Armour
 b - a +2 chain mail of poison resistance (worn)
 c - a +0 buckler (worn)
 l - a +1 pair of boots (worn)
 n - a +0 helmet (worn)
 t - a +1 cloak (worn)
 v - the +0 pair of fencer's gloves (worn) {Riposte Dex+3}
   (You bought it in a shop in the Dungeon)

   It allows the wearer to riposte with melee weapons, swiftly retaliating
   against missed attacks.
   Dex:       It affects your dexterity (+3).
Magical Staves
 x - a staff of cold
Jewellery
 j - the amulet of Vitality (around neck) {Regen+ HP+15}
   (You bought it in a shop in the Dungeon)

   [amulet of regeneration]

   HP:        It affects your health (+15).
   Regen:     It increases your rate of health regeneration.
 p - a +4 ring of evasion (right hand)
 u - the ring of Plog (left hand) {rF+ rC+ rN++ Str+3}
   (You bought it in a shop in the Dungeon)

   [ring of protection from fire]

   Str:       It affects your strength (+3).
   rF:        It protects you from fire.
   rC:        It protects you from cold.
   rN:        It greatly protects you from negative energy.
 C - a ring of protection from cold
Wands
 r - a wand of polymorph (3)
Scrolls
 i - 3 scrolls of amnesia
 k - a scroll of immolation
 o - a scroll of silence
 q - 8 scrolls of enchant armour
 y - a scroll of identify
Potions
 d - 2 potions of berserk rage
 e - 2 potions of resistance
 f - 5 potions of curing
 g - 4 potions of haste
 h - 5 potions of magic
 w - 2 potions of might
 z - a potion of mutation
Miscellaneous
 m - a tin of tremorstones (2/2)


   Skills:
 + Level 19.7 Fighting
 + Level 20.9 Long Blades
 + Level 16.2 Armour
 + Level 11.1 Dodging
 + Level 13.4 Stealth
 + Level 14.3 Shields
 + Level 5.6 Evocations


You had 13 spell levels left.
You didn't know any spells.
Your spell library contained the following spells:

 Spells                   Type           Power      Damage    Failure   Level
 Slow                     Hex            0%         N/A       88%         1
 Confusing Touch          Hex            0%         N/A       99%         3
 Vampiric Draining        Necr           0%         2d6       99%         3


Dungeon Overview and Level Annotations

Branches:
Dungeon (1/1)

Altars:
Cheibriados
Dithmenos
Elyvilon
Fedhas
Gozag
Hepliaklqana
Kikubaaqudgha
Makhleb
Nemelex Xobeh
Okawaru
Qazlal
Ru
Sif Muna
Trog
Uskayaw
Vehumet
Wu Jian
Xom
Yredelemnul
Zin
The Shining One
Beogh
Jiyva
Lugonu

Shops:
D ?=[!*=


Message History

A tengu reaver comes into view. It is wielding a +2 vorpal great sword.
The tengu reaver gestures at you while chanting.
The bolt of negative energy hits you but does no damage.
You partially resist.
You miss the tengu reaver.
The tengu reaver points at you and mumbles some strange words.
The bolt of acid hits you!!!
You closely miss the tengu reaver.
The tengu reaver gestures at you while chanting.
The bolt of acid hits you!! The acid corrodes you!
You slice the tengu reaver!!
The tengu reaver is moderately wounded.
You hit the tengu reaver but do no damage.
The tengu reaver is moderately wounded.
The tengu reaver hits you with a +2 vorpal great sword.
The tengu reaver misses you. You block the tengu reaver's attack.
You miss the tengu reaver.
The tengu reaver is moderately wounded.
The tengu reaver hits you with a +2 vorpal great sword!
The tengu reaver pecks you but does no damage.
The tengu reaver claws you but does no damage.
You slash the tengu reaver!
The tengu reaver is moderately wounded.
You barely miss the tengu reaver.
The tengu reaver is moderately wounded.
The tengu reaver hits you with a +2 vorpal great sword!!
* * * LOW HITPOINT WARNING * * *
x2 You block the tengu reaver's attack.
The tengu reaver claws you but does no damage.
You hit the tengu reaver but do no damage.
The tengu reaver is moderately wounded.
The tengu reaver casts a spell at you. The bolt of cold hits you! You resist.
* * * LOW HITPOINT WARNING * * *
You miss the tengu reaver.
The tengu reaver is moderately wounded.
The tengu reaver hits you but does no damage.
The tengu reaver pecks you.
You die...
Your body crumbles into a pile of gold.

▓▓▓▓▓▓▓▓▓▓▓▓▓▓▓▓▓▓***************
.▓...▓...▓...▓...▓,,,*,,,*,,,*,,,
.▓.▓.▓.▓.▓.▓.▓.▓.▓,*,*,*,*,*,*,*,
.▓.▓.▓.▓.▓.▓.▓(▓@▓,*,*,*,*,*,*,*,
.▓.▓.▓.▓.▓.▓.▓.▓Q▓,*,*,*,*,*,*,*,
.▓.▓.▓.▓.▓.▓.▓.▓.▓,*,*,*,*,*,*,*,
.▓)▓.▓.▓.▓.▓.▓.▓.▓,*,*,*,*,*,*,*,
.▓.▓.▓.▓.▓.▓.▓.▓.▓,*,*,*,*,*,*,*,
'▓.▓.▓.▓.▓.▓.▓.▓.▓,*,*,*+*,*,*,*+
.▓.▓.▓.▓.▓.▓.▓.▓.▓,*,*,*,*,*,*,*,
.▓.▓)▓.▓'▓.▓.▓.▓.▓,*,*,*,*,*,*,*,
.▓)▓.▓.▓.▓.▓.▓.▓.▓,*,*,*,*,*+*,*,


You could see a tengu reaver.

Vanquished Creatures
  Rupert (D)
  A nagaraja (D)
  A fire giant (D)
  A frost giant (D)
  A very ugly thing (D)
  A vampire knight (D)
  3 stone giants (D)
  A dire elephant (D)
  A fire dragon (D)
  A merfolk impaler (D)
  3 ice dragons (D)
  Erolcha (D)
  2 hydras (D)
  A great orb of eyes (D)
  A boulder beetle (D)
  3 ghost crabs (D)
  A centaur warrior (D)
  A naga sharpshooter (D)
  2 tengu warriors (D)
  8 orc high priests (D)
  A pharaoh ant (D)
  3 steelbarb worms (D)
  2 glowing orange brains (D)
  A sea snake (D)
  A naga ritualist (D)
  A flayed ghost (D)
  3 orc knights (D)
  A cyclops (D)
  A cyclops (shapeshifter) (D)
  A will-o-the-wisp (D)
  A wolf spider (D)
  An orc sorcerer (D)
  A salamander (D)
  A manticore (D)
  A guardian serpent (D)
  9 elephants (D)
  4 black mambas (D)
  5 cane toads (D)
  A naga mage (D)
  An unseen horror (D)
  A komodo dragon (D)
  A yaktaur (D)
  A demonic crawler (D)
  A kobold demonologist (D)
  A freezing wraith (D)
  4 merfolk (D)
  A troll (D)
  A slime creature (D)
  A tarantella (D)
  A wind drake (D)
  A snapping turtle (D)
  3 yaks (D)
  A basilisk (D)
  Eustachio (D)
  2 redbacks (D)
  2 vampire mosquitoes (D)
  An acid dragon (D)
  2 water moccasins (D)
  7 orc warriors (D)
  A phantom (D)
  4 bullfrogs (D)
  A scorpion (D)
  A jelly (D)
  A hound (D)
  8 orc priests (D)
  5 orc wizards (D)
  A white imp (D)
  An adder zombie (D)
  6 orcs (D)
  A ball python (D)
  A bat (D)
  2 endoplasms (D)
  A kobold (D)
142 creatures vanquished.

Vanquished Creatures (others)
  An eleionoma (D)
  2 hydras (D)
  A wizard (D)
  A swamp dragon (D)
  A cyclops (D)
  A komodo dragon (D)
7 creatures vanquished.

Grand Total: 149 creatures vanquished

Notes
Turn   | Place    | Note
-------+----------+-------------------------------------------
     0 | D        | mhtbhm the Human Fighter began the quest for the Orb.
     0 | D        | Reached XP level 1. HP: 18/18 MP: 1/1
    18 | D        | Reached XP level 2. HP: 10/25 MP: 2/2
   207 | D        | Noticed a phantom
   207 | D        | Noticed a scorpion
   214 | D        | Killed a phantom
   215 | D        | Reached skill level 5 in Fighting
   215 | D        | Reached skill level 3 in Long Blades
   215 | D        | Reached skill level 5 in Armour
   215 | D        | Reached skill level 5 in Shields
   215 | D        | Reached XP level 3. HP: 24/33 MP: 3/3
   215 | D        | Reached XP level 4. HP: 28/39 MP: 4/4
   367 | D        | Killed a scorpion
   368 | D        | Reached skill level 4 in Long Blades
   368 | D        | Reached skill level 1 in Dodging
   368 | D        | Reached XP level 5. HP: 30/46 MP: 5/5
   381 | D        | Reached skill level 5 in Long Blades
   381 | D        | Reached XP level 6. HP: 10/53 MP: 6/6
   390 | D        | HP: 2/53 [white imp/puff of frost (7)]
   392 | D        | Reached skill level 1 in Stealth
   398 | D        | Found a snail-covered altar of Cheibriados.
   398 | D        | Found a shadowy altar of Dithmenos.
   398 | D        | Found a white marble altar of Elyvilon.
   398 | D        | Found a blossoming altar of Fedhas.
   398 | D        | Found an opulent altar of Gozag.
   399 | D        | Found a hazy altar of Hepliaklqana.
   400 | D        | Found a viscous altar of Jiyva.
   401 | D        | Found an ancient bone altar of Kikubaaqudgha.
   402 | D        | Found a corrupted altar of Lugonu.
   403 | D        | Found a burning altar of Makhleb.
   404 | D        | Found a sparkling altar of Nemelex Xobeh.
   405 | D        | Found an iron altar of Okawaru.
   406 | D        | Became a worshipper of Gozag Ym Sagoz the Greedy
   421 | D        | Found a stormy altar of Qazlal.
   422 | D        | Found a sacrificial altar of Ru.
   423 | D        | Found a shimmering blue altar of Sif Muna.
   424 | D        | Found a bloodstained altar of Trog.
   425 | D        | Found a hide-covered altar of Uskayaw.
   426 | D        | Found a radiant altar of Vehumet.
   427 | D        | Found an ornate altar of the Wu Jian Council.
   428 | D        | Found a shimmering altar of Xom.
   429 | D        | Found a basalt altar of Yredelemnul.
   430 | D        | Found a glowing silver altar of Zin.
   431 | D        | Found a glowing golden altar of the Shining One.
   727 | D        | Noticed a troll
   727 | D        | Noticed a komodo dragon
   727 | D        | Noticed an acid dragon
   727 | D        | Noticed a vampire mosquito
   727 | D        | Noticed a kobold demonologist
   732 | D        | Killed a vampire mosquito
   732 | D        | Killed a kobold demonologist
   733 | D        | Reached skill level 7 in Long Blades
   733 | D        | Reached skill level 1 in Evocations
   733 | D        | Reached XP level 7. HP: 45/62 MP: 7/7
   733 | D        | Killed a komodo dragon
   734 | D        | Reached skill level 8 in Long Blades
   734 | D        | Reached XP level 8. HP: 50/69 MP: 8/8
   736 | D        | Killed a troll
   737 | D        | Reached skill level 9 in Long Blades
   884 | D        | Noticed a basilisk
   884 | D        | Noticed a cyclops
   884 | D        | Noticed a centaur warrior
   884 | D        | Noticed a slime creature
   999 | D        | Killed a basilisk
  1011 | D        | Killed a cyclops
  1012 | D        | Reached skill level 10 in Long Blades
  1012 | D        | Reached skill level 5 in Stealth
  1012 | D        | Reached XP level 9. HP: 41/77 MP: 9/9
  1012 | D        | Killed an unseen horror
  1013 | D        | Reached skill level 10 in Armour
  1013 | D        | Reached skill level 5 in Dodging
  1022 | D        | Killed a centaur warrior
  1023 | D        | Reached skill level 10 in Fighting
  1023 | D        | Reached skill level 11 in Long Blades
  1029 | D        | Killed a slime creature
  1443 | D        | Noticed a komodo dragon
  1443 | D        | Noticed a cane toad
  1447 | D        | Reached XP level 10. HP: 82/86 MP: 10/10
  1448 | D        | Noticed an elephant
  1455 | D        | Noticed a cane toad
  1462 | D        | Killed a komodo dragon
  1463 | D        | Reached skill level 12 in Long Blades
  1473 | D        | Killed a cane toad
  1637 | D        | Killed an elephant
  1642 | D        | Killed a cane toad
  1643 | D        | Reached skill level 13 in Long Blades
  1667 | D        | Noticed a cane toad
  1667 | D        | Noticed a black mamba
  1668 | D        | Noticed a cane toad
  1673 | D        | Noticed a cane toad
  1679 | D        | Killed a cane toad
  1685 | D        | Noticed an elephant
  1694 | D        | Killed a black mamba
  1698 | D        | Reached skill level 14 in Long Blades
  1708 | D        | Killed a cane toad
  1709 | D        | Reached XP level 11. HP: 53/95 MP: 11/11
  1734 | D        | Killed an elephant
  1957 | D        | Noticed an elephant
  1957 | D        | Noticed an elephant
  1957 | D        | Noticed an elephant
  1957 | D        | Noticed an elephant
  1957 | D        | Noticed an elephant
  1957 | D        | Noticed an elephant
  1958 | D        | Noticed a dire elephant
  1969 | D        | Killed an elephant
  1970 | D        | Reached skill level 10 in Shields
  1986 | D        | Killed an elephant
  1987 | D        | Reached skill level 15 in Long Blades
  1993 | D        | Killed an elephant
  2002 | D        | Killed an elephant
  2169 | D        | Killed a dire elephant
  2174 | D        | Killed an elephant
  2493 | D        | Noticed an elephant
  2500 | D        | Killed an elephant
  2513 | D        | Killed an elephant
  2635 | D        | Noticed Erolcha
  2647 | D        | Killed Erolcha
  2648 | D        | Reached skill level 16 in Long Blades
  2910 | D        | Noticed an orc knight
  2910 | D        | Noticed an orc knight
  2911 | D        | Noticed an orc knight
  3168 | D        | Killed an orc knight
  3370 | D        | Killed an orc knight
  3371 | D        | Reached XP level 12. HP: 95/108 MP: 12/12
  3651 | D        | Found Peal's Magic Scroll Emporium.
  3651 | D        | Noticed an orc high priest
  3651 | D        | Noticed an orc high priest
  3651 | D        | Noticed an orc high priest
  3657 | D        | Noticed an orc high priest
  3665 | D        | Killed an orc high priest
  3666 | D        | Found Iwarphi's Jewellery Shoppe.
  3666 | D        | Noticed an orc high priest
  3671 | D        | Killed an orc high priest
  3672 | D        | Reached skill level 15 in Fighting
  3672 | D        | Reached skill level 17 in Long Blades
  3673 | D        | Noticed an orc high priest
  3679 | D        | Noticed a sixfirhy
  3684 | D        | Killed an orc high priest
  3685 | D        | Found Lazeac's Antique Armour Emporium.
  3719 | D        | Noticed a soul eater
  3720 | D        | Noticed a sun demon
  4174 | D        | Killed an orc high priest
  4300 | D        | Killed an orc high priest
  4335 | D        | Killed an orc high priest
  4367 | D        | Noticed an orc high priest
  4370 | D        | Noticed a sun demon
  4372 | D        | Noticed a sun demon
  4383 | D        | Killed an orc high priest
  4384 | D        | Noticed an orc high priest
  4387 | D        | Noticed a soul eater
  4388 | D        | Noticed a sixfirhy
  4406 | D        | HP: 3/111 [smoke demon/divine providence[an orc high
                  | priest] (12)]
  4407 | D        | Killed an orc high priest
  4829 | D        | Found Namn's Distillery.
  4874 | D        | Bought a scroll of immolation for 42 gold pieces
  4874 | D        | Bought a scroll of magic mapping for 42 gold pieces
  4876 | D        | Bought the ring of Plog {rF+ rC+ rN++ Str+3} for 613 gold
                  | pieces
  4878 | D        | Bought the +0 pair of fencer's gloves {Riposte Dex+3} for
                  | 960 gold pieces
  4878 | D        | Found the +0 pair of fencer's gloves {Riposte Dex+3}
  4880 | D        | Bought 2 potions of might for 104 gold pieces
  4880 | D        | Bought a potion of curing for 39 gold pieces
  4880 | D        | Bought 2 potions of curing for 78 gold pieces
  4880 | D        | Bought a potion of heal wounds for 65 gold pieces
  4880 | D        | Bought a potion of haste for 130 gold pieces
  4880 | D        | Bought a potion of mutation for 104 gold pieces
  4888 | D        | Bought a runed chain mail for 180 gold pieces
  4898 | D        | Bought an amulet of the acrobat for 330 gold pieces
  4905 | D        | Bought a scroll of identify for 24 gold pieces
  4978 | D        | Noticed Eustachio
  4984 | D        | Killed Eustachio
  4985 | D        | Reached skill level 18 in Long Blades
  5034 | D        | Got the +8 hand crossbow of the Whelk {speed, rC+ Dex+4}
  5135 | D        | Noticed a tengu warrior
  5136 | D        | Noticed a four-headed hydra
  5141 | D        | Noticed a boulder beetle
  5145 | D        | Noticed a flayed ghost
  5147 | D        | Noticed a great orb of eyes
  5155 | D        | Noticed a green very ugly thing
  5165 | D        | Killed a boulder beetle
  5172 | D        | Killed a tengu warrior
  5173 | D        | Reached XP level 13. HP: 49/119 MP: 13/13
  5193 | D        | Killed an eight-headed hydra
  5198 | D        | Reached skill level 10 in Dodging
  5198 | D        | Reached skill level 10 in Stealth
  5201 | D        | Killed a green very ugly thing
  5206 | D        | Killed a great orb of eyes
  5207 | D        | Noticed an ice dragon
  5220 | D        | Noticed a vampire knight
  5225 | D        | Killed an ice dragon
  5238 | D        | Killed a vampire knight
  5239 | D        | Noticed an ice dragon
  5474 | D        | Killed an ice dragon
  5631 | D        | Noticed Rupert
  5646 | D        | Paralysed by Rupert for 3 turns
  5652 | D        | Killed Rupert
  5653 | D        | Reached skill level 19 in Long Blades
  5845 | D        | Noticed a nagaraja
  6607 | D        | Bought the amulet of Vitality {Regen+ HP+15} for 1264 gold
                  | pieces
  6607 | D        | Found the amulet of Vitality {Regen+ HP+15}
  6626 | D        | Bought a fading scale mail for 297 gold pieces
  6626 | D        | Identified the +4 scale mail of Wrong Decisions {Int+6}
                  | (You bought it in a shop in the Dungeon)
  6652 | D        | Killed a nagaraja
  6845 | D        | Bought a tin of tremorstones (2/2) for 1320 gold pieces
  6845 | D        | Bought a short brass wand for 132 gold pieces
  6845 | D        | Bought a thin runed staff for 396 gold pieces
  6845 | D        | Bought a scroll labelled VAECKOCLUW for 33 gold pieces
  6960 | D        | Reached XP level 14. HP: 97/130 MP: 14/14
  7097 | D        | Noticed an eleionoma
  7102 | D        | Reached skill level 5 in Evocations
  7104 | D        | Killed an eleionoma
  7105 | D        | Reached skill level 20 in Long Blades
  7310 | D        | Reached skill level 15 in Armour
  7534 | D        | Noticed a fire giant
  7534 | D        | Noticed a frost giant
  7534 | D        | Noticed a stone giant
  7534 | D        | Noticed a stone giant
  7542 | D        | Killed a fire giant
  7557 | D        | Killed a frost giant
  7565 | D        | Noticed a stone giant
  7568 | D        | Killed a stone giant
  7570 | D        | Noticed a vampire knight
  7736 | D        | Killed a stone giant
  8139 | D        | Killed a stone giant
  8189 | D        | Noticed a tengu reaver
  8200 | D        | HP: 5/149 [tengu reaver/bolt of cold (9)]
  8201 | D        | Slain by a tengu reaver

Illustrated notes

Levels and vault maps discovered:
D:        linesprint [early_d, line_temple, items_1, d_10, items_2, lair_1,
          lair_end, items_3, orc_1, orc_end, items_4, d_15, swamp_1, shoals_1,
          snake_1, spider_1, d_20, vaults_1, items_5, swamp_end, shoals_end,
          snake_end, spider_end, vaults_end, d_27, items_6, zot_1, zot_end,
          crypt_end, forest_end, elf_end, slime_end, tomb_end, abyss_end,
          pan_hell_end]

Skill      XL: |  1  2  3  4  5  6  7  8  9 10 11 12 13 14 |
---------------+-------------------------------------------+-----
Fighting       | 5 6 8 9 10 11 14 16 18 19 | 19.7
Long Blades    | 3 4 5 7 8 10 11 14 16 18 19 20 | 20.9
Armour         | 5 6 8 9 10 11 12 14 16 | 16.2
Shields        | 5 6 7 8 9 11 12 13 14 | 14.3
Dodging        | 1 3 4 5 6 8 9 10 11 | 11.1
Stealth        | 2 5 6 7 8 9 13 | 13.4
Evocations     | 1 2 3 4 5 |  5.6

Action                   |  1- 3 |  4- 6 |  7- 9 | 10-12 | 13-15 || total
-------------------------+-------+-------+-------+-------+-------++-------
Melee: Long sword        |    19 |    33 |       |       |       ||    52
       Scimitar          |       |       |    34 |   438 |   374 ||   846
Invok: Potion Petition   |       |       |       |     2 |     7 ||     9
       Call Merchant     |       |       |       |       |     2 ||     2
Evoke: Wand              |       |     3 |     3 |     4 |     3 ||    13
       Tin of tremorston |       |       |       |       |     5 ||     5
  Use: Potion            |     1 |     4 |     2 |     5 |     3 ||    15
       Scroll            |       |       |       |     3 |     5 ||     8
 Stab: Invisible         |       |       |     6 |     4 |    11 ||    21
       Distracted        |       |       |       |     4 |     1 ||     5
       Sleeping          |       |       |       |       |     1 ||     1
Armor: Scale mail        |     7 |    17 |       |       |       ||    24
       Ring mail         |       |     1 |    10 |    55 |       ||    66
       Chain mail        |       |       |       |    22 |   111 ||   133
       Skin              |       |       |       |       |     1 ||     1
Dodge: Dodged            |     4 |    16 |    14 |   176 |   185 ||   395
Block: Buckler           |     4 |    11 |     8 |    93 |    88 ||   204
       Rpst.: Scimitar   |       |       |       |     1 |    45 ||    46

Table legend: (Time is in decaauts)
 A = Elapsed time spent in this place.
 B = Non-inter-level travel time spent in this place.
 C = Inter-level travel time spent in this place.
 D = Time resting spent in this place.
 E = Time spent auto-exploring this place.
 F = Levels seen in this place.
 G = Mean time per level.
                   A        B        C        D        E       F      G
               +--------+--------+--------+--------+--------+-----+--------+
         Total |   7991 |   7991 |      0 |   4167 |   1079 |   1 | 7991.0 |
       Dungeon |   7991 |   7991 |      0 |   4167 |   1079 |   1 | 7991.0 |
               +--------+--------+--------+--------+--------+-----+--------+

Top non-repeatable levels by time:
       D: 7991 daAuts
